 Dungeon Crawl Stone Soup version 0.19.1 (webtiles) character file.

1063 Mesmaeker13 the Spear-Bearer (level 8, -1/58 HPs)
             Began as a Merfolk Skald on Dec 26, 2016.
             Was an Initiate of Ashenzari.
             Slain by an orc warrior
             ... wielding a +0 scimitar
              (12 damage)
             ... on level 6 of the Dungeon.
             The game lasted 00:16:54 (6398 turns).

Mesmaeker13 the Spear-Bearer (Merfolk Skald)        Turns: 6398, Time: 00:16:54

Health: -1/58      AC:  7    Str: 18    XL:     8   Next: 27%
Magic:  2/11       EV: 15    Int: 17    God:    Ashenzari [......]
Gold:   198        SH:  0    Dex: 13    Spells: 4 memorised, 3 levels left

rFire  . . .     SeeInvis .     a - +1 spear
rCold  . . .     Gourm    +     b - +0 leather armour
rNeg   . . .     Faith    .     (no shield)
rPois  .         Spirit   .     (no helmet)
rElec  .         Reflect  .     (no cloak)
rCorr  +         Harm     .     z - +0 pair of gloves
MR     .....                    n - +2 pair of boots (curse)
Stlth  +.........               o - amulet of the gourmand (curse)
                                B - +4 ring of intelligence
                                p - ring of resist corrosion

@: mighty, infused, very slightly contaminated
A: change form in water, swift swim, stealthy swim
a: Curse Item, Renounce Religion


You were on level 6 of the Dungeon.
You worshipped Ashenzari.
Ashenzari was noncommittal.
You were very full.

You visited 2 branches of the dungeon, and saw 8 of its levels.

You collected 198 gold pieces.

Inventory:

Hand Weapons
 a - a +1 spear (weapon)
 t - a +0 blowgun
Missiles
 u - 8 poisoned needles
Armour
 b - a +0 leather armour (worn)
 n - a cursed +2 pair of boots (worn)
 z - a +0 pair of gloves (worn)
Jewellery
 e - an uncursed ring of protection from fire
 o - a cursed amulet of the gourmand (around neck)
 p - a ring of resist corrosion (left hand)
 B - a +4 ring of intelligence (right hand)
Wands
 j - a wand of acid (0/15)
 w - a wand of iceblast (6/15)
 y - a wand of iceblast (8/15)
 F - a wand of flame (18/48)
Scrolls
 f - a scroll of enchant armour
 g - 2 scrolls of random uselessness
 l - 3 scrolls of amnesia
 v - a scroll of fog
 x - a scroll of teleportation
Potions
 h - a potion of heal wounds {unknown}
 i - 3 potions of mutation
 k - a potion of agility
 m - a potion of cancellation
 r - 2 potions of brilliance
 C - a potion of curing
 E - a potion of flight
Books
 c - a book of Battle

   Spells                             Type                      Level
   a - Infusion                       Charms                       1
   b - Shroud of Golubria             Charms/Translocation         2
   c - Song of Slaying                Charms                       2
   d - Spectral Weapon                Hexes/Charms                 3
   e - Regeneration                   Charms/Necromancy            3
Comestibles
 d - 3 bread rations
 q - 2 meat rations
 s - 2 fruits


   Skills:
 + Level 3.4 Fighting
 + Level 8.0 Polearms
 - Level 0.6 Armour
 + Level 6.5 Dodging
 - Level 2.0 Spellcasting
 + Level 2.3 Hexes
 + Level 6.1 Charms


You had 3 spell levels left.
You knew the following spells:

 Your Spells              Type           Power        Failure   Level  Hunger
a - Infusion              Chrm           ###.         1%          1    #......
b - Song of Slaying       Chrm           ###.....     2%          2    ###....
c - Shroud of Golubria    Chrm/Tloc      ##........   12%         2    ###....
d - Spectral Weapon       Hex/Chrm       ###.....     14%         3    ###....


Dungeon Overview and Level Annotations

Branches:
Dungeon (7/15)             Temple (1/1) D:4

Altars:
Ashenzari
Cheibriados
Dithmenos
Elyvilon
Fedhas
Gozag
Hepliaklqana
Kikubaaqudgha
Makhleb
Nemelex Xobeh
Okawaru
Qazlal
Sif Muna
Trog
Uskayaw
Vehumet
Xom
Yredelemnul
Zin
The Shining One


Message History

You hit the orc warrior but do no damage.
Your spectral weapon hits the orc warrior.
The orc warrior hits you with a scimitar.
* * * LOW HITPOINT WARNING * * *
You are too injured to fight recklessly!
You feel very mighty all of a sudden.
The orc warrior hits you with a scimitar.
* * * LOW HITPOINT WARNING * * *
You are too injured to fight recklessly!
You are too injured to fight recklessly!
You are too injured to fight recklessly!
You are too injured to fight recklessly!
You puncture the orc warrior!
The orc warrior is moderately wounded.
Your spectral weapon closely misses the orc warrior.
You barely miss the orc warrior.
The orc warrior is moderately wounded.
Your spectral weapon barely misses the orc warrior.
The orc warrior hits you with a scimitar!
You die...

#......)##.._#.######
##........'...#.#.....
#>........#.._#.'.....
#..#.##########.#)....
#########..#.## #.#.........
####.......#..#..# #.#..###....
...'..........##(# #.#..# #....
.###..........##o# #.#..# #####
.# #..........##@# #.#..# .#
#..........##.## #.#..####### .#
#..........##..# #.#.........
.###..........###.####.##.##.....
...#...................##.##.....
...########..........####.##.....
...##................# #.##.....
...##................# #)##.....
'####.........####'### #.##.....


You could see an orc warrior and a friendly spectral spear.

Vanquished Creatures
  Menkaure (D:4)
  An ice beast (D:6)
  The ghost of KingCrawl the Conjurer, an amateur DsCj (D:3)
  2 centaurs (D:6)
  A crocodile (D:6)
  A howler monkey (D:5)
  A crimson imp (D:6)
  2 bullfrog zombies (D:5)
  2 centaur skeletons
  Terence (D:3)
  Natasha (thrice) (D:2)
  5 worker ants
  A hound skeleton (D:4)
  5 adders
  2 worms (D:5)
  3 dart slugs
  5 leopard geckos
  12 bats
  3 giant cockroaches
  6 goblins
  4 hobgoblins
  10 jackals
  4 kobolds
  4 quokkas
  3 frilled lizards
  9 rats
92 creatures vanquished.

Notes
Turn   | Place    | Note
-------+----------+-------------------------------------------
     0 | D:1      | Mesmaeker13 the Merfolk Skald began the quest for the Orb.
     0 | D:1      | Reached XP level 1. HP: 16/16 MP: 3/3
   261 | D:1      | Reached XP level 2. HP: 19/22 MP: 1/5
   548 | D:1      | Reached XP level 3. HP: 27/27 MP: 6/6
   821 | D:2      | Reached skill level 4 in Polearms
  1002 | D:2      | Noticed Natasha
  1014 | D:2      | Killed Natasha
  1021 | D:2      | Reached XP level 4. HP: 19/33 MP: 1/7
  1352 | D:2      | Noticed Natasha
  1353 | D:2      | Killed Natasha
  1556 | D:2      | Noticed Natasha
  1557 | D:2      | Killed Natasha
  1557 | D:2      | Reached skill level 5 in Polearms
  1630 | D:2      | Learned a level 2 spell: Song of Slaying
  1674 | D:2      | Found a snail-covered altar of Cheibriados.
  1735 | D:2      | Reached XP level 5. HP: 38/38 MP: 8/8
  2156 | D:3      | Noticed KingCrawl's ghost (amateur DsCj)
  2167 | D:3      | Killed KingCrawl's ghost
  2605 | D:3      | Noticed Terence
  2619 | D:4      | Noticed Menkaure
  2641 | D:4      | Found a staircase to the Ecumenical Temple.
  2843 | D:3      | Learned a level 2 spell: Shroud of Golubria
  2891 | D:3      | Reached skill level 6 in Polearms
  2891 | D:3      | Reached XP level 6. HP: 38/44 MP: 5/9
  3343 | D:4      | Noticed a phantom
  3389 | Temple   | Entered the Ecumenical Temple
  3460 | Temple   | Became a worshipper of Ashenzari the Shackled
  3535 | D:4      | Killed Menkaure
  3535 | D:4      | Reached skill level 5 in Dodging
  3535 | D:4      | Reached skill level 5 in Charms
  3750 | D:3      | Killed Terence
  3921 | D:4      | Noticed a dagger
  3921 | D:4      | Found a hide-covered altar of Uskayaw.
  3921 | D:4      | Noticed a dagger
  3954 | D:5      | Entered Level 5 of the Dungeon
  3968 | D:4      | Reached XP level 7. HP: 37/50 MP: 2/10
  4273 | D:5      | Reached skill level 7 in Polearms
  4288 | D:5      | Learned a level 3 spell: Spectral Weapon
  4686 | D:5      | Found an opulent altar of Gozag.
  5148 | D:6      | Found a shadowy altar of Dithmenos.
  5169 | D:6      | Reached skill level 1 in Hexes
  5538 | D:6      | Reached XP level 8. HP: 46/58 MP: 5/11
  5599 | D:6      | Found a shimmering altar of Xom.
  5599 | D:6      | Found a burning altar of Makhleb.
  5602 | D:6      | Paralysed by a crimson imp for 7 turns
  5980 | D:6      | Reached skill level 8 in Polearms
  6398 | D:6      | Slain by an orc warrior

Skill      XL: |  1  2  3  4  5  6  7  8 |
---------------+-------------------------+-----
Dodging        | 2 3 4 5 6 |  6.5
Polearms       | 4 5 6 7 8 |  8.0
Charms         | 4 5 6 |  6.1
Hexes          | 1 2 |  2.3
Fighting       | 3 |  3.4
Armour         | |  0.6
Spellcasting   | |  2.0

Action                   |  1- 3 |  4- 6 |  7- 9 || total
-------------------------+-------+-------+-------++-------
Melee: Spear             |   100 |   134 |   190 ||   424
 Fire: Blowgun           |       |    10 |       ||    10
 Cast: Infusion          |     8 |     9 |    11 ||    28
       Shroud of Golubri |       |     1 |     3 ||     4
       Spectral Weapon   |       |       |     2 ||     2
Invok: Curse Item        |       |     1 |     1 ||     2
Evoke: Wand              |       |     3 |     1 ||     4
  Use: Scroll            |     1 |    10 |     5 ||    16
       Potion            |       |     2 |     1 ||     3
 Stab: Sleeping          |     4 |       |     1 ||     5
       Invisible         |       |       |     2 ||     2
  Eat: Chunk             |       |     9 |    14 ||    23
       Bread ration      |       |       |     1 ||     1
Armor: Leather armour    |    25 |    29 |    33 ||    87
Dodge: Dodged            |    53 |    82 |    87 ||   222
